IL
OKLAHOMA CITY DODGERS @ LEHIGH VALLEY IRONPIGS
05/23/2048
 
TOP OF THE 1ST
Oklahoma City Dodgers batting - Pitching for Lehigh Valley IronPigs : RHP Marcos Tapia
Pitching: RHP Marcos Tapia
Batting: RHB Curt Earnest 0-0: Ball
1-0: Foul Ball, location: 2F
1-1: Ball
2-1: Ball
3-1: Base on Balls
Batting: RHB Theo Schepers 0-0: Ball
1-0: Fielders Choice at 2nd, 5-4 (Groundball, 56, EV 81.9 MPH)
Batting: LHB Jose Robles 0-0: Ball
1-0: Called Strike
1-1: Ball
2-1: Ball
3-1: Fly out, F8 (Flyball, 78XD, EV 80.6 MPH)
Batting: LHB Steve Pond 0-0: Ball
1-0: Ball
2-0: Ball
3-0: Base on Balls
Theo Schepers to second
Batting: LHB Chris Fandino 0-0: Ball
1-0: Fly out, F8 (Flyball, 89D, EV 101.2 MPH)
Top of the 1st over - 0 runs, 0 hits, 0 errors, 2 left on base; Oklahoma City 0 - Lehigh Valley 0
BOTTOM OF THE 1ST
Lehigh Valley IronPigs batting - Pitching for Oklahoma City Dodgers : RHP Tyler Scherer
Pitching: RHP Tyler Scherer
Batting: LHB Theodore Conboy 0-0: Foul Ball, location: 2F
0-1: Ball
1-1: Called Strike
1-2: Strikes out swinging
Batting: RHB Alberto Ramirez 0-0: Swinging Strike
0-1: Fly out, F7 (Flyball, 78M, EV 90.0 MPH)
Batting: RHB Carlos Morejon 0-0: Ball
1-0: SOLO HOME RUN (Line Drive, 7D, EV 104.4 MPH), Distance : 394 ft
Batting: LHB Josh George 0-0: Ball
1-0: Ground out 4-3 (Groundball, 34, EV 108.8 MPH)
Bottom of the 1st over - 1 run, 1 hit, 0 errors, 0 left on base; Oklahoma City 0 - Lehigh Valley 1
TOP OF THE 2ND
Oklahoma City Dodgers batting - Pitching for Lehigh Valley IronPigs : RHP Marcos Tapia
Batting: RHB Jeremy Giesler 0-0: Ball
1-0: Ground out 4-3 (Groundball, 4, EV 104.4 MPH)
Batting: RHB T.J. Jordan 0-0: Fly out, F7 (Flyball, 78M, EV 81.2 MPH)
Batting: LHB Darrell Ortega 0-0: Called Strike
0-1: SOLO HOME RUN (Flyball, 7D, EV 102.5 MPH), Distance : 383 ft
Batting: RHB Carlos Talavera 0-0: Fly out, F7 (Line Drive, 7LM, EV 111.2 MPH)
Top of the 2nd over - 1 run, 1 hit, 0 errors, 0 left on base; Oklahoma City 1 - Lehigh Valley 1
BOTTOM OF THE 2ND
Lehigh Valley IronPigs batting - Pitching for Oklahoma City Dodgers : RHP Tyler Scherer
Batting: RHB Victor Arroyo 0-0: Ball
1-0: Fly out, F9 (Flyball, 9, EV 86.2 MPH)
Batting: RHB Mark Schultz 0-0: Swinging Strike
0-1: Swinging Strike
0-2: Fly out, F8 (Flyball, 8LXD, EV 88.8 MPH)
Batting: SHB Benjamin Brown 0-0: Ball
1-0: Ground out 5-3 (Groundball, 56S, EV 66.2 MPH)
Bottom of the 2nd over - 0 runs, 0 hits, 0 errors, 0 left on base; Oklahoma City 1 - Lehigh Valley 1
TOP OF THE 3RD
Oklahoma City Dodgers batting - Pitching for Lehigh Valley IronPigs : RHP Marcos Tapia
Batting: RHB Curt Earnest 0-0: Ground out 5-3 (Groundball, 5, EV 80.6 MPH)
Batting: RHB Theo Schepers 0-0: Ball
1-0: Ground out 4-3 (Groundball, 4, EV 103.1 MPH)
Batting: LHB Jose Robles 0-0: Ball
1-0: SINGLE (Line Drive, 34D, EV 97.5 MPH)
Batting: LHB Steve Pond 0-0: Ball
1-0: Ball
2-0: Foul Ball, location: 2F
2-1: Swinging Strike
2-2: Ball
3-2: Base on Balls
Jose Robles to second
Batting: LHB Chris Fandino 0-0: Ball
1-0: Ground out 3-1 (Groundball, 3D, EV 102.5 MPH)
Top of the 3rd over - 0 runs, 1 hit, 0 errors, 2 left on base; Oklahoma City 1 - Lehigh Valley 1
BOTTOM OF THE 3RD
Lehigh Valley IronPigs batting - Pitching for Oklahoma City Dodgers : RHP Tyler Scherer
Batting: RHB Moritake Fukumoto 0-0: Called Strike
0-1: Ball
1-1: Foul Ball, location: 2F
1-2: Foul Ball, location: 2F
1-2: Ground out 6-3 (Groundball, 6, EV 95.0 MPH)
Batting: SHB Marco de Leon 0-0: Ball
1-0: Called Strike
1-1: Swinging Strike
1-2: Ground out 4-3 (Groundball, 4, EV 81.9 MPH)
Batting: LHB Theodore Conboy 0-0: Ground out 2-3 (Groundball, 13S, EV 76.2 MPH)
Bottom of the 3rd over - 0 runs, 0 hits, 0 errors, 0 left on base; Oklahoma City 1 - Lehigh Valley 1
TOP OF THE 4TH
Oklahoma City Dodgers batting - Pitching for Lehigh Valley IronPigs : RHP Marcos Tapia
Batting: RHB Jeremy Giesler 0-0: Foul Ball, location: 2F
0-1: Ball
1-1: Ball
2-1: Bunted foul
2-2: Fly out, F7 (Flyball, 7LS, EV 86.2 MPH)
DELAY Rain delay of 65 minutes in the 4th inning.
Batting: RHB T.J. Jordan 0-0: Called Strike
0-1: Ball
1-1: Foul Ball, location: 2F
1-2: Foul Ball, location: 2F
1-2: Strikes out swinging
Batting: LHB Darrell Ortega 0-0: SINGLE (Flyball, 8LS, EV 88.1 MPH)
Batting: RHB Carlos Talavera 0-0: Ball
1-0: Called Strike
1-1: Called Strike
1-2: Foul Ball, location: 2F
1-2: Ball
2-2: Foul Ball, location: 2F
2-2: Ball
3-2: Fly out, F7 (Line Drive, 7LM, EV 94.4 MPH)
Top of the 4th over - 0 runs, 1 hit, 0 errors, 1 left on base; Oklahoma City 1 - Lehigh Valley 1
BOTTOM OF THE 4TH
Lehigh Valley IronPigs batting - Pitching for Oklahoma City Dodgers : RHP Tyler Scherer
Batting: RHB Alberto Ramirez 0-0: Fly out, F3 (Popup, 3SF, EV 70.6 MPH)
Batting: RHB Carlos Morejon 0-0: Called Strike
0-1: Ball
1-1: Swinging Strike
1-2: Foul Ball, location: 2F
1-2: Ball
2-2: Fly out, F3 (Popup, 23F, EV 87.5 MPH)
Batting: LHB Josh George 0-0: Ball
1-0: Called Strike
1-1: Ball
2-1: Ground out 4-3 (Groundball, 4, EV 107.5 MPH)
Bottom of the 4th over - 0 runs, 0 hits, 0 errors, 0 left on base; Oklahoma City 1 - Lehigh Valley 1
TOP OF THE 5TH
Oklahoma City Dodgers batting - Pitching for Lehigh Valley IronPigs : RHP Marcos Tapia
Batting: RHB Curt Earnest 0-0: Ball
1-0: Ball
2-0: Ball
3-0: Base on Balls
Batting: RHB Theo Schepers 0-0: Called Strike
0-1: Called Strike
0-2: Ball
1-2: SINGLE (Flyball, 78S, EV 94.4 MPH)
Curt Earnest to second
Batting: LHB Jose Robles 0-0: Ball
1-0: Ball
2-0: Called Strike
2-1: Ball
3-1: Foul Ball, location: 2F
3-2: Foul Ball, location: 2F
3-2: Base on Balls
Curt Earnest to third
Theo Schepers to second
Batting: LHB Steve Pond 0-0: Ball
1-0: Ball
2-0: Ball
3-0: Base on Balls
Curt Earnest scores
Theo Schepers to third
Jose Robles to second
Pitching: RHP Yuichi Nozawa
Batting: LHB Chris Fandino 0-0: Ball
Wild Pitch!
Theo Schepers scores
Jose Robles to third
Steve Pond to second
1-0: Called Strike
1-1: Ground out 6-3 (Groundball, 6, EV 87.5 MPH)
Jose Robles scores
Batting: RHB Jeremy Giesler 0-0: Ground out 1-3 (Groundball, 13S, EV 72.5 MPH)
Steve Pond to third
Batting: RHB T.J. Jordan 0-0: Ball
1-0: Called Strike
1-1: Foul Ball, location: 2F
1-2: Foul Ball, location: 2F
1-2: Foul Ball, location: 2F
1-2: Strikes out swinging
Top of the 5th over - 3 runs, 1 hit, 0 errors, 1 left on base; Oklahoma City 4 - Lehigh Valley 1
BOTTOM OF THE 5TH
Lehigh Valley IronPigs batting - Pitching for Oklahoma City Dodgers : RHP Tyler Scherer
Batting: RHB Victor Arroyo 0-0: Ball
1-0: Ball
2-0: Called Strike
2-1: Called Strike
2-2: Ball
3-2: Base on Balls
Batting: RHB Mark Schultz 0-0: Ball
1-0: SINGLE (Flyball, 4MD, EV 93.8 MPH)
Victor Arroyo to second
Batting: SHB Benjamin Brown 0-0: Ball
1-0: Ball
2-0: DOUBLE (Line Drive, 9LM, EV 98.8 MPH)
Victor Arroyo scores
Mark Schultz to third
Batting: RHB Moritake Fukumoto 0-0: Called Strike
0-1: SINGLE (Groundball, 56D, EV 106.9 MPH)
Mark Schultz scores
Benjamin Brown to third
Runner from 3rd tries for Home, throw by LF and OUT! 7-2
Batting: SHB Marco de Leon 0-0: Grounds into double play, U3-6 (Groundball, 3L, EV 102.5 MPH)
Bottom of the 5th over - 2 runs, 3 hits, 0 errors, 0 left on base; Oklahoma City 4 - Lehigh Valley 3
TOP OF THE 6TH
Oklahoma City Dodgers batting - Pitching for Lehigh Valley IronPigs : RHP Yuichi Nozawa
Batting: LHB Darrell Ortega 0-0: Ground out 3-1 (Groundball, 34, EV 90.0 MPH)
Batting: RHB Carlos Talavera 0-0: Called Strike
0-1: Ball
1-1: Ground out 4-3 (Groundball, 4, EV 86.2 MPH)
Batting: RHB Curt Earnest 0-0: Ball
1-0: Called Strike
1-1: Swinging Strike
1-2: Ball
2-2: Ball
3-2: Base on Balls
Batting: RHB Theo Schepers 0-0: Ball
1-0: Ball
2-0: Called Strike
2-1: Swinging Strike
2-2: Ball
3-2: Base on Balls
Curt Earnest to second
Pitching: RHP Dustin Greaves
Batting: LHB Jose Robles 0-0: Called Strike
0-1: Swinging Strike
0-2: Strikes out swinging
Top of the 6th over - 0 runs, 0 hits, 0 errors, 2 left on base; Oklahoma City 4 - Lehigh Valley 3
BOTTOM OF THE 6TH
Lehigh Valley IronPigs batting - Pitching for Oklahoma City Dodgers : RHP Tyler Scherer
Batting: LHB Theodore Conboy 0-0: Swinging Strike
0-1: Ball
1-1: Called Strike
1-2: Ball
2-2: Fly out, F6 (Line Drive, 6, EV 65.0 MPH)
Batting: RHB Alberto Ramirez 0-0: Ground out 5-3 (Groundball, 5, EV 81.2 MPH)
Batting: RHB Carlos Morejon 0-0: Foul Ball, location: 2F
0-1: Ball
1-1: DOUBLE (Groundball, 5L, EV 105.0 MPH)
Batting: LHB Josh George 0-0: Ball
1-0: Ball
2-0: Ball
3-0: Base on Balls
Pitching: LHP Dave Burridge
Batting: RHB Victor Arroyo 0-0: Ball
1-0: Fly out, F8 (Flyball, 89S, EV 87.5 MPH)
Bottom of the 6th over - 0 runs, 1 hit, 0 errors, 2 left on base; Oklahoma City 4 - Lehigh Valley 3
TOP OF THE 7TH
Oklahoma City Dodgers batting - Pitching for Lehigh Valley IronPigs : RHP Dustin Greaves
Batting: LHB Steve Pond 0-0: Ball
1-0: Ball
2-0: Fly out, F9 (Flyball, 9LM, EV 95.0 MPH)
Batting: LHB Chris Fandino 0-0: Ball
1-0: Called Strike
1-1: Ball
2-1: Ball
3-1: SINGLE (Groundball, 4D, EV 105.0 MPH)
Batting: RHB Jeremy Giesler 0-0: Called Strike
0-1: Reached on error, E4 (Groundball, 4, EV 98.8 MPH)
Chris Fandino to second
Batting: RHB T.J. Jordan 0-0: Ball
1-0: Called Strike
1-1: Foul Ball, location: 2F
1-2: Fly out, F7 (Flyball, 78D, EV 107.5 MPH)
Batting: LHB Darrell Ortega 0-0: Ball
1-0: Swinging Strike
1-1: Foul Ball, location: 2F
1-2: Foul Ball, location: 2F
1-2: Foul Ball, location: 2F
1-2: Fly out, F9 (Flyball, 89M, EV 88.1 MPH)
Top of the 7th over - 0 runs, 1 hit, 1 error, 2 left on base; Oklahoma City 4 - Lehigh Valley 3
BOTTOM OF THE 7TH
Lehigh Valley IronPigs batting - Pitching for Oklahoma City Dodgers : LHP Dave Burridge
Batting: RHB Mark Schultz 0-0: Ball
1-0: Fly out, F8 (Flyball, 8RM, EV 78.8 MPH)
Batting: SHB Benjamin Brown 0-0: Ball
1-0: Swinging Strike
1-1: Fly out, F8 (Flyball, 78D, EV 97.5 MPH)
Batting: RHB Moritake Fukumoto 0-0: Ball
1-0: Called Strike
1-1: Swinging Strike
1-2: Strikes out looking
Bottom of the 7th over - 0 runs, 0 hits, 0 errors, 0 left on base; Oklahoma City 4 - Lehigh Valley 3
TOP OF THE 8TH
Oklahoma City Dodgers batting - Pitching for Lehigh Valley IronPigs : RHP Dustin Greaves
Pitching: RHP Lucas McPhillie
Batting: RHB Carlos Talavera 0-0: Called Strike
0-1: Swinging Strike
0-2: Foul Ball, location: 2F
0-2: Hit by Pitch
Batting: RHB Curt Earnest 0-0: Sac Bunt to 3S - play at first, batter OUT! 3-4
Carlos Talavera to second
Batting: RHB Theo Schepers 0-0: Called Strike
0-1: Ball
1-1: Called Strike
1-2: Foul Ball, location: 2F
1-2: Strikes out swinging, 2-3 out at first.
Batting: LHB Jose Robles 0-0: Ball
1-0: Ball
2-0: Ball
3-0: Called Strike
3-1: Called Strike
3-2: SINGLE (Groundball, 23, EV 67.5 MPH) (infield hit)
Carlos Talavera to third
Batting: LHB Steve Pond 0-0: Called Strike
0-1: Called Strike
0-2: Ball
1-2: Strikes out swinging, 2-3 out at first.
Top of the 8th over - 0 runs, 1 hit, 0 errors, 2 left on base; Oklahoma City 4 - Lehigh Valley 3
BOTTOM OF THE 8TH
Lehigh Valley IronPigs batting - Pitching for Oklahoma City Dodgers : LHP Dave Burridge
Now at 1B: Robin More
Now at 3B: Chris Raymond
Now in LF: Darrell Ortega
Now in RF: Wing-kit Bu
Batting: SHB Marco de Leon 0-0: Ball
1-0: Called Strike
1-1: Called Strike
1-2: Strikes out swinging
Batting: RHB Bill Moldenhauer 0-0: Ball
1-0: Called Strike
1-1: Called Strike
1-2: Foul Ball, location: 2F
1-2: Ball
2-2: Strikes out swinging
Batting: RHB Alberto Ramirez 0-0: Ball
1-0: Ball
2-0: Foul Ball, location: 2F
2-1: Ball
3-1: Foul Ball, location: 2F
3-2: Base on Balls
Batting: RHB Carlos Morejon 0-0: Ball
1-0: Ball
2-0: Ball
3-0: Base on Balls
Alberto Ramirez to second
Batting: LHB Josh George 0-0: Called Strike
0-1: Swinging Strike
0-2: Ball
1-2: Ball
2-2: Ball
3-2: Base on Balls
Alberto Ramirez to third
Carlos Morejon to second
Batting: RHB Victor Arroyo 0-0: Ball
1-0: Called Strike
1-1: Ball
2-1: Foul Ball, location: 2F
2-2: Strikes out swinging
Bottom of the 8th over - 0 runs, 0 hits, 0 errors, 3 left on base; Oklahoma City 4 - Lehigh Valley 3
TOP OF THE 9TH
Oklahoma City Dodgers batting - Pitching for Lehigh Valley IronPigs : RHP Lucas McPhillie
Pitching: RHP Andy Burchfield
Batting: LHB Chris Fandino 0-0: Ball
1-0: Foul Ball, location: 2F
1-1: Fly out, F9 (Flyball, 9, EV 91.9 MPH)
Batting: RHB Jeremy Giesler 0-0: Ball
1-0: Ball
2-0: Ball
3-0: Base on Balls
Batting: RHB T.J. Jordan 0-0: Called Strike
0-1: Foul Ball, location: 2F
0-2: Ball
1-2: Ball
2-2: Strikes out swinging
Batting: LHB Darrell Ortega 0-0: Ball
1-0: Called Strike
1-1: Called Strike
1-2: Strikes out looking
Top of the 9th over - 0 runs, 0 hits, 0 errors, 1 left on base; Oklahoma City 4 - Lehigh Valley 3
BOTTOM OF THE 9TH
Lehigh Valley IronPigs batting - Pitching for Oklahoma City Dodgers : LHP Dave Burridge
Pitching: RHP Juan Hurtado
Batting: RHB Mark Schultz 0-0: Ball
1-0: SINGLE (Groundball, 6MD, EV 99.4 MPH)
Batting: SHB Benjamin Brown 0-0: Bunted foul
0-1: Bunted foul
0-2: Foul Ball, location: 2F
0-2: Ball
1-2: Ball
2-2: Ball
3-2: Base on Balls
Mark Schultz to second
Batting: RHB Moritake Fukumoto 0-0: Swinging Strike
0-1: Called Strike
0-2: Ball
1-2: Ball
2-2: Ball
3-2: Foul Ball, location: 2F
3-2: Base on Balls
Mark Schultz to third
Benjamin Brown to second
Batting: SHB Marco de Leon 0-0: Ball
1-0: SINGLE (Groundball, 3, EV 101.2 MPH) (infield hit)
Mark Schultz scores
Benjamin Brown to third
Moritake Fukumoto to second
Batting: LHB Jose Carlos 0-0: Ball
1-0: Fly out, F7 (Flyball, 7D, EV 76.9 MPH)
Runner from 3rd tags up, SCORES, no throw by LF
Bottom of the 9th over - 2 runs, 2 hits, 0 errors, 2 left on base; Oklahoma City 4 - Lehigh Valley 5
Tuesday, March 28th , 2023 - OOTP Baseball 23.10 Build 110